 Dungeon Crawl Stone Soup version 0.31-a0-210-gccc998df9b (webtiles) character file.

Game seed: 77520824691475179

509 Adrian566 the Slasher (level 6, -3/48 HPs)
             Began as a Demonspawn Gladiator on June 29, 2023.
             Slain by a gnoll sergeant
             ... wielding a +0 trident
              (13 damage)
             ... on level 4 of the Dungeon.
             The game lasted 00:04:01 (4868 turns).

Adrian566 the Slasher (Demonspawn Gladiator)        Turns: 4868, Time: 00:04:02

Health: -3/48      AC:  4    Str: 18    XL:     6   Next: 98%
Magic:  6/6        EV: 13    Int:  8    God:
Gold:   142        SH:  0    Dex: 16    Spells: 5/5 levels left

rFire   . . .        a - +1 long sword
rCold   . . .        (no shield)
rNeg    . . .        b - +0 leather armour
rPois   .            c - +0 helmet
rElec   .            (no cloak)
rCorr   .            (no gloves)
SInv    .            (no boots)
Will    .....        (no amulet)
Stlth   ++           (no ring)
HPRegen 0.28/turn    (no ring)
MPRegen 0.10/turn

%: no passive effects
@: no status effects
A: demonic guardian 2, sturdy frame 1, strong 1, wild magic 1
a: no special abilities


You were on level 4 of the Dungeon.
You visited 1 branch of the dungeon, and saw 5 of its levels.

You collected 142 gold pieces.

Inventory:

Hand Weapons
 a - a +1 long sword (weapon)
Missiles
 d - 5 throwing nets (quivered)
 e - a javelin
Armour
 b - a +0 leather armour (worn)
 c - a +0 helmet (worn)
Jewellery
 f - a +5 ring of evasion
 m - a ring of ice
 o - a ring of flight
 r - a ring of wizardry
Wands
 l - a wand of quicksilver (5)
 q - a wand of mindburst (20)
Scrolls
 h - 4 scrolls of teleportation
 j - 2 scrolls of identify
Potions
 p - a potion of lignification


   Skills:
 + Level 3.7 Fighting
 + Level 5.2 Long Blades
 + Level 1.8 Throwing
 + Level 1.3 Armour
 + Level 3.9 Dodging
 + Level 1.8 Stealth


You had 5 spell levels left.
You didn't know any spells.
Your spell library contained the following spells:

 Spells                   Type           Power      Damage    Failure   Level
 Beastly Appendage        Tmut           0%         N/A       50%         1
 Wereblood                Tmut           0%         N/A       65%         2
 Spider Form              Tmut/Pois      0%         N/A       86%         3
 Vhi's Electric Charge    Tloc/Air       0%         N/A       86%         3
 Arcjolt                  Conj/Air       0%         1d10      100%        5
 Maxwell's Capacitive Co  Air            0%         ∞         100%        8


Dungeon Overview and Level Annotations

Branches:
Dungeon (5/15)
 Temple: D:4-7

Altars:
Hepliaklqana
Qazlal

Shops:
D:3 (

Annotations:
D:1 1 transporter


Innate Abilities, Weirdness & Mutations

A demonic guardian rushes to your aid.
Your movements are slightly less encumbered by armour. (ER -2)
Your muscles are strong. (Str +4, Int/Dex -1)
Your spells are a little harder to cast, but a little more powerful.


Message History

The iguana misses you.
You hit the iguana.
The iguana is almost dead.
The iguana bites you.
* * * LOW HITPOINT WARNING * * *
The iguana closely misses your hellwing.
Your hellwing hits the iguana!
The iguana dies!
Things that are here:
a +0 flail; a gnoll corpse You start resting.
Your hellwing disappears in a puff of smoke!
HP restored.
There is a stone staircase leading down, spattered with blood here.
You climb downwards.
The gnoll sergeant misses you.
There is a stone staircase leading up, spattered with blood here.
The orc throws a boomerang.
The boomerang hits you.
An orc comes into view. It is wielding a +0 hand axe.
The gnoll sergeant hits you with a +0 trident!
There is a stone staircase leading up, spattered with blood here.
The gnoll sergeant hits you with a +0 trident!
A demonic guardian appears!
The orc hits your orange demon but does no damage. x2
You climb upwards.
Your summoned ally is left behind.
There is a stone staircase leading down, spattered with blood here.
You are too injured to fight recklessly!
Unknown command.
You hit the gnoll sergeant but do no damage.
The gnoll sergeant barely misses you.
You slash the gnoll sergeant!
The gnoll sergeant is moderately wounded.
The gnoll sergeant hits you with a +0 trident!
* * * LOW HITPOINT WARNING * * *
You hit the gnoll sergeant but do no damage.
The gnoll sergeant is moderately wounded.
The gnoll sergeant barely misses you.
You hit the gnoll sergeant but do no damage.
The gnoll sergeant is moderately wounded.
The gnoll sergeant hits you with a +0 trident!
You die...

######..........#...#<.......
#...........###..............
#...........####...(.#.......
#............# ##............
######.......####............
#...#.#..........<.....#
#.......................
#.......).....#..#.#....
#.....†@g...###..#..#.##
#...........###..##...##
#...####.#....#.....#.#.
##...# #.....#..#.##.#...
#....# #......#.#.#......
#....###...............#.
#......................[.
#....###.................
#....# #.................


You could see a gnoll sergeant.

Vanquished Creatures
  A scorpion (D:5)
  A jelly (D:5)
  7 gnolls
  3 adders
  2 ufetubi
  A dart slug (D:4)
  A worm (D:3)
  2 orcs (D:5)
  7 ball pythons
  5 endoplasms
  8 giant cockroaches
  4 goblins
  6 hobgoblins
  8 jackals (D:2)
  5 quokkas
  6 bats
  5 frilled lizards
  10 kobolds
  5 rats
87 creatures vanquished.

Vanquished Creatures (collateral kills)
  An ogre (D:3)
  A centaur (D:5)
  An iguana (D:4)
  An adder (D:2)
  2 gnolls
  A giant cockroach (D:2)
  A goblin (D:1)
  A hobgoblin (D:2)
  A ball python (D:1)
  A frilled lizard (D:2)
11 creatures vanquished.

Grand Total: 98 creatures vanquished

Notes
Turn   | Place    | Note
-------+----------+-------------------------------------------
     0 | D:1      | Adrian566 the Demonspawn Gladiator began the quest for the
                  | Orb.
     0 | D:1      | Reached XP level 1. HP: 16/16 MP: 1/1
   126 | D:1      | Reached skill level 3 in Long Blades
   201 | D:1      | Gained mutation: A weak demonic guardian rushes to your
                  | aid. [demonic ancestry]
   201 | D:1      | Reached XP level 2. HP: 18/22 MP: 2/2
  1028 | D:2      | Reached XP level 3. HP: 27/27 MP: 3/3
  1142 | D:2      | Found a faded altar of an unknown god.
  1482 | D:2      | Gained mutation: Your movements are slightly less
                  | encumbered by armour. (ER -2) [demonic ancestry]
  1482 | D:2      | Reached XP level 4. HP: 31/34 MP: 4/4
  1557 | D:2      | Reached skill level 1 in Armour
  2289 | D:3      | Found a stormy altar of Qazlal.
  2343 | D:3      | Found Minozah's Weapon Emporium.
  2395 | D:3      | Reached skill level 1 in Stealth
  2398 | D:3      | Gained mutation: A demonic guardian rushes to your aid.
                  | [demonic ancestry]
  2398 | D:3      | Reached XP level 5. HP: 20/39 MP: 5/5
  2724 | D:3      | Noticed an ogre
  2731 | D:3      | Killed an ogre
  2732 | D:3      | Reached skill level 4 in Long Blades
  3646 | D:4      | Reached XP level 6. HP: 47/47 MP: 6/6
  3647 | D:4      | Found a hazy altar of Hepliaklqana.
  3839 | D:5      | Entered Level 5 of the Dungeon
  4035 | D:5      | Reached skill level 5 in Long Blades
  4221 | D:5      | HP: 2/47 [something/magic dart (4)]
  4222 | D:5      | Gained mutation: You passively dampen the noise of your
                  | surroundings. [potion of mutation]
  4222 | D:5      | Gained mutation: Your spells are a little harder to cast,
                  | but a little more powerful. [potion of mutation]
  4222 | D:5      | Lost mutation: You passively dampen the noise of your
                  | surroundings. [potion of mutation]
  4222 | D:5      | Gained mutation: Your muscles are strong. (Str +4, Int/Dex
                  | -1) [potion of mutation]
  4247 | D:5      | HP: 1/47 [something/magic dart (8)]
  4868 | D:4      | Slain by a gnoll sergeant

Illustrated notes

Levels and vault maps discovered:
D:1:      spicycebolla_arrival_risky_transporter, layout_loops_corners,
          minmay_tromino_i2
D:2:      layout_basic, dreamdust_ecumenical_altar_sealed_demon
D:3:      layout_basic, nicolae_qazlal_scattered_showers, serial_shops,
          nicolae_shop_just_a_little_nook
D:4:      layout_rooms, mainiacjoe_overflow_small_starburst, feat_on_display
D:5:      layout_cave_pools, minmay_temple_entry_sparse_star,
          uniq_crazy_yiuf_cottage, uniq_menkaure

Skill      XL: |  1  2  3  4  5  6 |
---------------+-------------------+-----
Long Blades    | 3 4 5 |  5.2
Dodging        | 3 |  3.9
Armour         | 1 |  1.3
Stealth        | 1 |  1.8
Fighting       | 3 |  3.7
Throwing       | |  1.8

Action                     |  1- 3 |  4- 6 || total
---------------------------+-------+-------++-------
  Melee: Long sword        |   120 |   172 ||   292
         Punch             |     1 |     2 ||     3
    Use: Potion            |       |     8 ||     8
         Scroll            |       |     4 ||     4
   Stab: Sleeping          |     2 |     2 ||     4
 Armour: Leather armour    |    32 |    60 ||    92
  Dodge: Dodged            |   113 |   151 ||   264

Table legend: (Time is in decaauts)
 A = Elapsed time spent in this place.
 B = Non-inter-level travel time spent in this place.
 C = Inter-level travel time spent in this place.
 D = Time resting spent in this place.
 E = Time spent auto-exploring this place.
 F = Levels seen in this place.
 G = Mean time per level.
                   A        B        C        D        E       F      G
               +--------+--------+--------+--------+--------+-----+--------+
         Total |   4933 |   4760 |    173 |    612 |   3365 |   5 |  986.6 |
       Dungeon |   4933 |   4760 |    173 |    612 |   3365 |   5 |  986.6 |
               +--------+--------+--------+--------+--------+-----+--------+

Top non-repeatable levels by time:
     D:3: 1623 daAuts
     D:4: 1037 daAuts
     D:1: 922 daAuts
     D:2: 908 daAuts
     D:5: 441 daAuts
